[Event "Team 45 45 League T48"]
[Site "Internet Chess Club"]
[Date "2011.02.10"]
[Round "1"]
[White "randallsr"]
[Black "rayonline53"]
[Result "1-0"]
[WhiteElo "1790"]
[BlackElo "1451"]
[Opening "English opening"]
[ECO "A05"]
[Time "08:04:25"]
[TimeControl "2700+45"]

1. Nf3 Nf6 2. c4 d6 3. b3 g6 4. Bb2 Bg7 5. g3 O-O 6. Bg2 Nbd7 7. O-O e5 8. d3
Ne8 9. e4 f5 10. exf5 gxf5 11. h3 Rb8 12. Nh2 Nef6 13. Nc3 b6 14. Ne2 Bb7 15. d4
Bxg2 16. Kxg2 Qe8 17. dxe5 Nxe5 18. Nc3 Qc6+ 19. f3 Ng6 20. Rb1 Rbe8 21. Nd5
Nxd5 22. cxd5 Qd7 23. f4 Re4 24. Bxg7 Kxg7 25. Nf3 Rfe8 26. Rc1 Re2+ 27. Rf2
Rxf2+ 28. Kxf2 Qe7 29. Qd4+ Kg8 30. Re1 Qd7 31. Rxe8+ Qxe8 32. Ng5 Nf8 33. Qf6
Qg6 34. Qe7 Qg7 35. Qxg7+ Kxg7 36. Ke3 h6 37. Nf3 Kf7 38. Nd4 a6 39. Nxf5 Kg6
40. Ne7+ Kf7 41. Nc6 Nd7 42. Nd8+ Ke7 43. Ne6 {Black resigns} 1-0

[Event "Team 45 45 League T48"]
[Site "Internet Chess Club"]
[Date "2011.02.10"]
[Round "1"]
[White "nursey"]
[Black "Yedixon"]
[Result "1-0"]
[WhiteElo "1672"]
[BlackElo "1636"]
[Opening "QGD: Chigorin defense, Janowski variation"]
[ECO "D07"]
[Time "15:12:04"]
[TimeControl "2700+45"]

1. d4 d5 2. c4 Nc6 3. Nc3 dxc4 4. Nf3 Bg4 5. e3 e5 6. Be2 exd4 7. Nxd4 Bxe2 8.
Qxe2 Ne5 9. O-O Nd3 10. Qf3 c6 11. Rd1 Bc5 12. Nf5 Qf6 13. Ne4 Qg6 14. b3 b5 15.
Rxd3 cxd3 16. Nxc5 O-O-O 17. Nd4 Ne7 18. Nxb5 Rd5 19. Nxa7+ Kc7 20. Qf4+ Kb6 21.
Qb4+ Kc7 22. Na6+ Kd7 23. Qb7+ Kd6 24. Ba3+ Ke6 25. Qxe7+ Kf5 26. e4+ Kg4 27.
f3+ Kh5 28. g4+ Kh6 29. Qh4+ Rh5 30. Bc1+ {Black resigns} 1-0

[Event "Team 45 45 League T48"]
[Site "Internet Chess Club"]
[Date "2011.02.12"]
[Round "1"]
[White "elessar"]
[Black "Giacometti"]
[Result "1/2-1/2"]
[WhiteElo "1662"]
[BlackElo "1720"]
[Opening "Caro-Kann: closed (Breyer) variation"]
[ECO "B10"]
[Time "10:00:24"]
[TimeControl "2700+45"]

1. e4 c6 2. d3 d5 3. Nd2 e5 4. Ngf3 Bg4 5. Be2 Bd6 6. O-O Ne7 7. Ne1 Be6 8. Nef3
O-O 9. Re1 f5 10. Ng5 Bd7 11. Nf1 h6 12. Bh5 fxe4 13. dxe4 hxg5 14. Bxg5 d4 15.
Bxe7 Qxe7 16. Ng3 Be6 17. Nf5 Bxf5 18. exf5 Rxf5 19. Bg6 Rg5 20. Qd3 Qf6 21.
Qb3+ Kf8 22. Be4 Qf7 {Game drawn by mutual agreement} 1/2-1/2

[Event "Team 45 45 League T48"]
[Site "Internet Chess Club"]
[Date "2011.02.15"]
[Round "1"]
[White "Redteam33"]
[Black "OOB1"]
[Result "0-1"]
[WhiteElo "1509"]
[BlackElo "1501"]
[Opening "Sicilian: Nimzovich-Rossolimo attack (without ...d6)"]
[ECO "B30"]
[Time "21:19:20"]
[TimeControl "2700+45"]

1. e4 c5 2. Nf3 Nc6 3. Bb5 e6 4. Bxc6 bxc6 5. O-O Nf6 6. Re1 Be7 7. c3 c4 8. d4
cxd3 9. Qxd3 O-O 10. Be3 d5 11. e5 Nd7 12. Nbd2 c5 13. Rab1 a5 14. a3 a4 15. Qc2
Nb6 16. b4 axb3 17. Rxb3 Bd7 18. Qb2 Na4 19. Qc2 c4 20. Rbb1 Nc5 21. Bxc5 Bxc5
22. Rb7 Bc6 23. Rbb1 Rxa3 24. Nd4 Bxd4 25. cxd4 Qa5 26. Nf3 Ba4 27. Qc1 Bb3 28.
Nd2 Qa7 29. Nxb3 Rxb3 30. Rxb3 cxb3 31. Qc5 Qxc5 32. dxc5 Rc8 33. Rb1 Rxc5 34.
f4 Rb5 35. Kf2 f6 36. Ke3 Rb4 37. g3 fxe5 38. fxe5 Re4+ 39. Kf2 Rb4 40. Ke3 Kf7
41. Kd3 Kg6 42. Rf1 b2 43. Kc3 Rb6 44. Kd4 b1=Q 45. Rxb1 Rxb1 {White resigns}
0-1

[Event "Team 45 45 League T48"]
[Site "Internet Chess Club"]
[Date "2011.02.13"]
[Round "1"]
[White "Visin"]
[Black "chicopee-ed"]
[Result "1-0"]
[WhiteElo "1295"]
[BlackElo "1379"]
[Opening "Pirc: Ufimtsev-Pytel variation"]
[ECO "B07"]
[Time "12:00:24"]
[TimeControl "2700+45"]

1. e4 d6 2. d4 Nf6 3. Nc3 c6 4. Nf3 Bg4 5. Be2 e6 6. O-O Nbd7 7. b4 Nb6 8. a4 d5
9. e5 Bxb4 10. exf6 Bxc3 11. fxg7 Rg8 12. Ra3 Ba5 13. Bd2 Bxd2 14. Qxd2 Bxf3 15.
Rxf3 Rxg7 16. Rb3 Nc4 17. Bxc4 dxc4 18. Rxb7 e5 19. Re1 Rg5 20. f4 Qc8 21. fxg5
Qxb7 22. Rxe5+ Kf8 23. h4 Re8 24. Rxe8+ Kxe8 25. Qe2+ Kf8 26. Qxc4 Qb1+ 27. Kh2
Qb8+ 28. g3 Qe8 29. Qxc6 Qe2+ 30. Qg2 Qc4 31. Qd2 Qxa4 32. d5 Qd7 33. c4 Qd6 34.
Qd4 a5 35. c5 Qa6 36. d6 Qe2+ 37. Kh3 Qe6+ 38. Qg4 Qe3 39. Qc8+ Kg7 40. Qf5 Qd4
41. d7 Kf8 42. c6 Qd6 43. Qf6 Kg8 44. d8=Q+ Qxd8 45. Qxd8+ Kg7 46. Qa8 {Black
resigns} 1-0

[Event "Team 45 45 League T48"]
[Site "Internet Chess Club"]
[Date "2011.02.12"]
[Round "1"]
[White "milesotoole"]
[Black "MateIn42"]
[Result "1-0"]
[WhiteElo "1497"]
[BlackElo "1423"]
[Opening "Scotch: Mieses variation"]
[ECO "C45"]
[Time "10:09:05"]
[TimeControl "2700+45"]

1. e4 e5 2. Nf3 Nc6 3. d4 exd4 4. Nxd4 Nf6 5. Nxc6 bxc6 6. e5 Qe7 7. Qe2 Nd5 8.
c4 Qb4+ 9. Nd2 Ba6 10. Qe4 Nb6 11. Bd3 O-O-O 12. O-O Re8 13. f4 g6 14. b3 Bc5+
15. Kh1 Qc3 16. Rb1 d5 17. Qe2 dxc4 18. bxc4 Nd5 19. Rb3 Qa5 20. cxd5 Bxd3 21.
Qxd3 Rd8 22. Qb1 Bb6 23. Nc4 Qa6 24. Nxb6+ cxb6 25. Be3 Rxd5 26. Rc1 b5 27. Bxa7
Qxa7 28. Rxb5 Rxb5 29. Qxb5 Qxa2 30. Qxc6+ Kb8 31. h3 Ka7 32. Qc7+ Ka8 33. Qc6+
Ka7 34. Qc5+ Ka8 35. Qc7 Qa7 36. Qc6+ Qb7 37. Ra1+ Kb8 38. Qd6+ Qc7 39. Rb1+ Kc8
40. Qa6+ Kd8 41. Qf6+ {Black resigns} 1-0

[Event "Team 45 45 League T48"]
[Site "Internet Chess Club"]
[Date "2011.02.14"]
[Round "1"]
[White "katabatico"]
[Black "Just-Jim"]
[Result "1-0"]
[WhiteElo "1395"]
[BlackElo "1321"]
[Opening "King's gambit"]
[ECO "C30"]
[Time "12:00:09"]
[TimeControl "2700+45"]

1. e4 e5 2. f4 d6 3. Nf3 Nc6 4. Bc4 h6 5. O-O Nf6 6. d3 Bg4 7. c3 a6 8. Qb3 Bh5
9. Qc2 Na5 10. Qa4+ Nc6 11. Qc2 Bxf3 12. Rxf3 b5 13. Bd5 Nxd5 14. exd5 Ne7 15.
c4 Nf5 16. Rf1 c6 17. fxe5 Qb6+ 18. c5 Nd4 19. Qf2 dxc5 20. Qxf7+ Kd8 21. e6 Qc7
22. Qxc7+ Kxc7 23. Rf7+ Kd8 24. Nc3 b4 25. Na4 cxd5 26. Nb6 Rb8 27. Nxd5 Nxe6
28. b3 Bd6 29. Bb2 Ke8 30. Ra7 Nf4 31. Re1+ Kf8 32. Rf1 Ke8 33. Nxf4 Rf8 34.
Re1+ Kd8 35. Ne6+ Kc8 36. Nxf8 Bxf8 37. Re8# {Black checkmated} 1-0

[Event "Team 45 45 League T48"]
[Site "Internet Chess Club"]
[Date "2011.02.12"]
[Round "1"]
[White "Tjet"]
[Black "pudge"]
[Result "1-0"]
[WhiteElo "1524"]
[BlackElo "1404"]
[Opening "English: Caro-Kann defensive system"]
[ECO "A11"]
[Time "18:12:44"]
[TimeControl "2700+45"]

1. c4 c6 2. Nc3 e6 3. e4 e5 4. d3 Nf6 5. a3 Be7 6. g3 O-O 7. Bg2 d6 8. Nge2 Be6
9. O-O h6 10. f4 exf4 11. Nxf4 Bg4 12. Qe1 Nbd7 13. h3 Be6 14. Nxe6 fxe6 15. Kh2
Ne5 16. Qe2 c5 17. Be3 a6 18. d4 cxd4 19. Bxd4 Nc6 20. Rad1 Nxd4 21. Rxd4 e5 22.
Rdd1 Qc7 23. Nd5 Nxd5 24. cxd5 Qd7 25. Rc1 Bg5 26. Rxf8+ Rxf8 27. Rc2 Rc8 28. h4
Bf6 29. Bh3 Rxc2 30. Qxc2 Qd8 31. Qc8 Kh8 32. Qxd8+ Bxd8 33. Bc8 Bb6 34. Bxb7 a5
35. a4 Kg8 36. h5 Kf7 37. g4 Kf6 38. Kg3 Kg5 39. Kf3 Bc5 40. Bc8 Bb6 41. Bf5 Bc5
42. Ke2 Bb6 43. Kd3 Bc5 44. Kc4 Bb6 45. Kb5 Bc7 46. Kc6 {Black resigns} 1-0

[Event "Team 45 45 League T48"]
[Site "Internet Chess Club"]
[Date "2011.02.12"]
[Round "1"]
[White "Bamilus"]
[Black "alaskauk"]
[Result "1-0"]
[WhiteElo "1264"]
[BlackElo "1435"]
[Opening "Bird's opening: Lasker variation"]
[ECO "A02"]
[Time "15:00:44"]
[TimeControl "2700+45"]

1. f4 Nf6 2. Nf3 d5 3. e3 c5 4. Be2 Bg4 5. h3 Bxf3 6. Bxf3 e6 7. O-O Bd6 8. d3
Qb6 9. e4 dxe4 10. dxe4 e5 11. fxe5 Bxe5 12. Nc3 O-O 13. Nd5 Nxd5 14. Qxd5 Nc6
15. Bh5 g6 16. Bh6 Rad8 17. Qc4 Rd4 18. Qe6 Rd6 19. Rxf7 {Black resigns} 1-0

[Event "Team 45 45 League T48"]
[Site "Internet Chess Club"]
[Date "2011.02.13"]
[Round "1"]
[White "dpmdpm"]
[Black "medsurg"]
[Result "1/2-1/2"]
[WhiteElo "1473"]
[BlackElo "1336"]
[Opening "Scotch gambit"]
[ECO "C44"]
[Time "16:01:40"]
[TimeControl "2700+45"]

1. e4 e5 2. Nf3 Nc6 3. d4 exd4 4. Bc4 Bb4+ 5. c3 Be7 6. cxd4 d6 7. h3 Nf6 8. Nc3
Na5 9. Qa4+ Nc6 10. d5 a6 11. dxc6 b5 12. Bxb5 O-O 13. Bd3 Be6 14. O-O Qc8 15.
Bc4 Bxh3 16. gxh3 Qxh3 17. Nh2 Ng4 18. Nxg4 Qxg4+ 19. Kh2 Qh4+ {Game drawn by
mutual agreement} 1/2-1/2

[Event "Team 45 45 League T48"]
[Site "Internet Chess Club"]
[Date "2011.02.13"]
[Round "1"]
[White "randallsr"]
[Black "subterfuge"]
[Result "1-0"]
[WhiteElo "1807"]
[BlackElo "1803"]
[Opening "English opening: Agincourt variation"]
[ECO "A13"]
[Time "13:03:43"]
[TimeControl "2700+45"]

1. Nf3 d5 2. c4 e6 3. cxd5 exd5 4. b3 Nf6 5. Bb2 Be7 6. g3 c5 7. Bg2 Nc6 8. Ne5
Nxe5 9. Bxe5 d4 10. Bxf6 Bxf6 11. d3 Rb8 12. Nd2 O-O 13. Rc1 Be7 14. Nf3 Qd6 15.
O-O f5 16. Rc2 f4 17. Nd2 Qh6 18. Ne4 b6 19. Qc1 Bh3 20. f3 Qe6 21. g4 Bxg2 22.
Kxg2 a5 23. Qd2 Rbc8 24. Rb1 Rc6 25. Qc1 Qh6 26. Rcb2 Rg6 27. Qc4+ Kh8 28. h3
Qh4 29. Rh1 Rf5 30. Qc1 Bd8 31. Qe1 Qe7 32. Qd2 Qc7 33. Rc2 Bh4 34. Rhc1 Qe7 35.
Rh1 h5 36. Qc1 Re5 37. Qxf4 Bg5 38. Qg3 Be3 39. Rf1 h4 40. Qe1 Bf4 41. Rc4 Rge6
42. Rc2 Qc7 43. Qxh4+ Rh6 44. Qf2 g5 45. Qxd4 Kh7 46. Qf2 Qc6 47. e3 Rxh3 48.
exf4 Qh6 49. Nf6+ Kh8 50. Nh5 Rxh5 51. gxh5 gxf4 52. Rh1 Rg5+ 53. Kf1 Qd6 54.
Qe2 Re5 55. Qd1 Re3 56. Rhh2 Qd5 57. h6 Rxf3+ 58. Rcf2 Rxd3 59. Qa1+ Rd4 60.
Rxf4 Qd7 61. Rf8+ Kh7 62. Qb1+ Rd3 63. Rhf2 Qh3+ 64. Kg1 Qg3+ 65. Rg2 Qe3+ 66.
Rff2 Kxh6 67. Qf1 Rd4 68. Qe2 Qc1+ 69. Rf1 {Black resigns} 1-0

[Event "Team 45 45 League T48"]
[Site "Internet Chess Club"]
[Date "2011.02.14"]
[Round "1"]
[White "nursey"]
[Black "Signalman"]
[Result "1-0"]
[WhiteElo "1667"]
[BlackElo "1570"]
[Opening "Old Indian defense"]
[ECO "A53"]
[Time "14:05:27"]
[TimeControl "2700+45"]

1. d4 Nf6 2. c4 d6 3. Bg5 Ne4 4. Nf3 Nxg5 5. Nxg5 e5 6. Nf3 e4 7. Nfd2 d5 8.
cxd5 Qxd5 9. e3 Bb4 10. a3 Bxd2+ 11. Nxd2 Bf5 12. Bc4 Qd6 13. Qb3 O-O 14. Qxb7
Nc6 15. Qb5 Qg6 16. Bd5 Bd7 17. Bxe4 Rab8 18. Qxb8 Qxe4 19. Qxf8+ Kxf8 20. Nxe4
Bf5 21. Nc5 {Black resigns} 1-0

[Event "Team 45 45 League T48"]
[Site "Internet Chess Club"]
[Date "2011.02.14"]
[Round "1"]
[White "rahulr"]
[Black "Sirian"]
[Result "0-1"]
[WhiteElo "1534"]
[BlackElo "1524"]
[Opening "Pirc: classical (two knights) system"]
[ECO "B08"]
[Time "20:04:22"]
[TimeControl "2700+45"]

1. e4 d6 2. d4 Nf6 3. Nc3 g6 4. Nf3 Bg7 5. Bc4 c6 6. e5 dxe5 7. Nxe5 O-O 8. O-O
Nbd7 9. Bg5 Nxe5 10. dxe5 Ng4 11. Bxf7+ Kxf7 12. Qf3+ Bf5 13. e6+ Kg8 14. Rad1
Qc8 15. Bxe7 Re8 16. Rd7 Bxe6 17. Rd6 Rxe7 18. Rfd1 Re8 19. Ne4 Bf5 20. Ng5 Nf6
21. Qb3+ Nd5 22. Kf1 Qc7 23. R1xd5 cxd5 24. Qxd5+ Be6 25. Nxe6 Rxe6 26. Qxe6+
Qf7 27. Qe4 Re8 28. Qd4 Bxd4 29. Rxd4 Rf8 30. f3 Qxa2 31. Rb4 b6 32. Kf2 Qd5 33.
Re4 Qxe4 34. Kg1 Qe2 35. h4 Rf4 36. g4 Rd4 37. f4 Rd1# {White checkmated} 0-1

[Event "Team 45 45 League T48"]
[Site "Internet Chess Club"]
[Date "2011.02.13"]
[Round "1"]
[White "radiohead"]
[Black "werty"]
[Result "0-1"]
[WhiteElo "1419"]
[BlackElo "1572"]
[Opening "French: advance, Euwe variation"]
[ECO "C02"]
[Time "14:30:30"]
[TimeControl "2700+45"]

1. e4 e6 2. d4 d5 3. e5 c5 4. c3 Nc6 5. Nf3 Bd7 6. Be2 cxd4 7. cxd4 Nge7 8. Nc3
Nf5 9. a3 Qb6 10. Na4 Qc7 11. O-O Be7 12. b4 b6 13. Nc3 Nxb4 14. Bb2 Nc6 15. Rc1
Qd8 16. Qd2 Na5 17. Qc2 Rc8 18. Qd1 Nc4 19. Bxc4 Rxc4 20. Ne2 Rxc1 21. Bxc1 Bb5
22. Re1 Bxe2 23. Qxe2 O-O 24. Bd2 Qd7 25. Qd3 Rc8 26. Rc1 Rxc1+ 27. Bxc1 Qc7 28.
Bd2 Qc4 29. Qxc4 dxc4 30. a4 a5 31. Bc1 Kf8 32. Kf1 Ke8 33. g4 Nh6 34. h3 Kd7
35. Nd2 c3 36. Nc4 Kc6 37. Ke2 b5 38. Nxa5+ Kb6 39. Nb3 bxa4 40. Na1 f6 41. Kd3
fxe5 42. Bxh6 gxh6 43. dxe5 Kc6 44. Kxc3 Kd5 45. Kd3 Kxe5 46. Ke3 Bc5+ 47. Kf3
a3 48. Nb3 a2 49. Ke2 Bd4 50. Kd3 a1=Q 51. Nxa1 Bxa1 52. Ke3 Bd4+ 53. Kf3 Kf6
54. h4 Kg6 55. Kg3 h5 56. f3 hxg4 57. fxg4 h5 58. g5 Kf5 59. Kf3 Bc3 60. Kg3 Ke4
61. Kh3 Kf3 {White resigns} 0-1

[Event "Team 45 45 League T48"]
[Site "Internet Chess Club"]
[Date "2011.02.12"]
[Round "1"]
[White "civilization"]
[Black "Fingerz"]
[Result "1-0"]
[WhiteElo "1725"]
[BlackElo "1730"]
[Opening "Giuoco Piano: Möller (Therkatz) attack"]
[ECO "C54"]
[Time "15:01:06"]
[TimeControl "2700+45"]

1. e4 e5 2. Nf3 Nc6 3. Bc4 Bc5 4. c3 Nf6 5. d4 exd4 6. cxd4 Bb4+ 7. Nc3 Nxe4 8.
O-O Bxc3 9. d5 Bf6 10. Re1 Ne7 11. Rxe4 d6 12. Bg5 Bxg5 13. Nxg5 h6 14. Qe2 hxg5
15. Re1 Be6 16. dxe6 f6 17. Re3 c6 18. Rh3 Rxh3 19. gxh3 g6 20. Rd1 d5 21. Qf3
f5 22. Qc3 Kf8 23. Qf6+ Kg8 24. Qf7+ Kh8 25. Qf6+ Kg8 26. Qf7+ Kh8 27. Qf6+ Kh7
28. Bf1 Ng8 29. Qf7+ Kh6 30. Qxb7 Ne7 31. b3 Rb8 32. Qxa7 Ra8 33. Qe3 Rxa2 34.
h4 f4 35. hxg5+ Kxg5 36. h4+ Kf6 37. Qxf4+ Kxe6 38. Re1+ Kd7 39. Qf7 Ra7 40.
Bh3+ Kd6 41. b4 {Black resigns} 1-0

[Event "Team 45 45 League T48"]
[Site "Internet Chess Club"]
[Date "2011.02.12"]
[Round "1"]
[White "bayoumicardio10"]
[Black "crazyhorses"]
[Result "0-1"]
[WhiteElo "1631"]
[BlackElo "1444"]
[Opening "Sicilian: closed"]
[ECO "B23"]
[Time "16:00:13"]
[TimeControl "2700+45"]

1. e4 c5 2. Nc3 d6 3. f4 Nc6 4. Nf3 e6 5. Bb5 Bd7 6. O-O Qb6 7. Bxc6 Bxc6 8. Kh1
Nf6 9. d3 Be7 10. Rb1 O-O 11. h3 Rad8 12. g4 Nd7 13. g5 d5 14. Qe1 dxe4 15. Nxe4
Rfe8 16. Rg1 Qc7 17. Qh4 Nf8 18. Ne5 Bd5 19. Kh2 Ng6 20. Nxg6 fxg6 21. b3 Rf8
22. Qf2 e5 23. Be3 exf4 24. Bxc5 Bxe4 25. Bxe7 Qxe7 26. dxe4 Qxe4 27. Qxa7 Rd2+
{White resigns} 0-1

[Event "Team 45 45 League T48"]
[Site "Internet Chess Club"]
[Date "2011.02.12"]
[Round "1"]
[White "ElmerHo"]
[Black "Innes"]
[Result "0-1"]
[WhiteElo "1603"]
[BlackElo "1704"]
[Opening "Scotch: Steinitz variation"]
[ECO "C45"]
[Time "17:00:34"]
[TimeControl "2700+45"]

1. e4 e5 2. Nf3 Nc6 3. d4 exd4 4. Nxd4 Qh4 5. Nc3 Nf6 6. g3 Qg4 7. Qxg4 Nxg4 8.
Nxc6 dxc6 9. Be2 Bc5 10. Bxg4 Bxg4 11. O-O O-O-O 12. Kg2 h5 13. h3 Bd7 14. Re1
Bb4 15. a3 Be7 16. Be3 f6 17. Rad1 Be6 18. Ne2 Rxd1 19. Rxd1 Bd7 20. Nf4 Bd6 21.
Ng6 Rd8 22. Re1 c5 23. Bf4 Be8 24. Bxd6 cxd6 25. Nf4 Bf7 26. Nd5 Re8 27. f3 Bxd5
{White resigns} 0-1

[Event "Team 45 45 League T48"]
[Site "Internet Chess Club"]
[Date "2011.02.12"]
[Round "1"]
[White "MCJR"]
[Black "allanchs"]
[Result "1/2-1/2"]
[WhiteElo "1474"]
[BlackElo "1488"]
[Opening "Queen's bishop game"]
[ECO "D02"]
[Time "13:00:26"]
[TimeControl "2700+45"]

1. d4 d5 2. Nf3 Nf6 3. Bf4 e6 4. e3 Be7 5. Ne5 Nbd7 6. Bd3 c5 7. c3 Qb6 8. Qb3
Qa5 9. Qd1 Qb6 10. Qb3 Nh5 11. Bg3 Nxg3 12. hxg3 Qc7 13. Qc2 Nxe5 14. dxe5 Qxe5
15. Rxh7 Rxh7 16. Bxh7 b6 17. Bd3 Bd7 18. Nd2 Bf6 19. Nf3 Qd6 20. O-O-O b5 21.
e4 Qc7 22. exd5 exd5 23. Qe2+ Kf8 24. Rh1 g6 25. Qf1 a6 26. Rh2 Rc8 27. Qd1 Bg4
28. Qc2 Re8 29. Rh1 Qd7 30. Qd2 Bxf3 31. gxf3 Qe6 32. Kd1 Qc6 33. Re1 Rxe1+ 34.
Qxe1 c4 35. Bc2 d4 36. f4 d3 37. Bb1 Qf3+ 38. Kd2 Qd5 39. Qe3 Qh1 40. Qe1 Qxe1+
41. Kxe1 Ke7 42. Kd2 Kd6 43. b3 Kd5 44. bxc4+ bxc4 45. a4 a5 46. Ba2 Be7 47. f3
Bf6 48. Bb1 Bg7 49. Ba2 Bh6 50. Bb1 g5 51. f5 g4+ 52. f4 Ke4 53. Ba2 Kd5 54. Bb1
Bg7 55. Ba2 Bf6 56. Bb1 {Game drawn by mutual agreement} 1/2-1/2

[Event "Team 45 45 League T48"]
[Site "Internet Chess Club"]
[Date "2011.02.11"]
[Round "1"]
[White "Deckfuel"]
[Black "Jack-ONeill"]
[Result "1/2-1/2"]
[WhiteElo "1955"]
[BlackElo "2018"]
[Opening "Ponziani: Jaenisch counter-attack"]
[ECO "C44"]
[Time "12:00:35"]
[TimeControl "2700+45"]

1. e4 e5 2. Nf3 Nc6 3. c3 Nf6 4. d4 Nxe4 5. d5 Ne7 6. Nxe5 Ng6 7. Qd4 Qe7 8.
Nxg6 hxg6 9. Be3 Rh4 10. Qd3 Nc5 11. Qe2 d6 12. Nd2 Bf5 13. Bxc5 dxc5 14. Qxe7+
Bxe7 {Game drawn by mutual agreement} 1/2-1/2

[Event "Team 45 45 League T48"]
[Site "Internet Chess Club"]
[Date "2011.02.13"]
[Round "1"]
[White "alexdb"]
[Black "VietLion"]
[Result "0-1"]
[WhiteElo "1910"]
[BlackElo "1897"]
[Opening "Sicilian: Grand Prix attack"]
[ECO "B23"]
[Time "16:07:28"]
[TimeControl "2700+45"]

1. e4 c5 2. Nc3 Nc6 3. f4 g6 4. Nf3 Bg7 5. g3 Rb8 6. Bg2 b5 7. d3 e6 8. O-O Nge7
9. Be3 b4 10. Na4 d6 11. Rb1 Bd7 12. c3 Qa5 13. c4 Nd4 14. b3 Nxf3+ 15. Bxf3
Bxa4 16. bxa4 Nc8 17. e5 O-O 18. d4 Rd8 19. dxc5 dxc5 20. Qb3 Nb6 21. Bd1 Rd7
22. Bc2 Rbd8 23. Rfd1 Bf8 24. Rxd7 Rxd7 25. Kf2 Qa6 26. Bd3 Nxa4 27. Be4 Nc3
{White resigns} 0-1

[Event "Team 45 45 League T48"]
[Site "Internet Chess Club"]
[Date "2011.02.10"]
[Round "1"]
[White "playwaycool"]
[Black "MikeA"]
[Result "0-1"]
[WhiteElo "2072"]
[BlackElo "2206"]
[Opening "Trompowsky attack (Ruth, Opocenský opening)"]
[ECO "A45"]
[Time "20:00:06"]
[TimeControl "2700+45"]

1. d4 Nf6 2. Bg5 e6 3. e4 h6 4. Bxf6 Qxf6 5. c3 d5 6. e5 Qd8 7. Nf3 c5 8. dxc5
Bxc5 9. Bd3 O-O 10. O-O Qb6 11. Qe2 Nc6 12. b4 Be7 13. Nbd2 f6 14. Bc2 Nxe5 15.
Nxe5 fxe5 16. Qxe5 Bf6 17. Qg3 Bd7 18. Nb3 Bb5 19. Rfe1 Ba4 20. Rac1 Bxb3 21.
Bxb3 Rac8 22. Re2 Rc6 23. Qg4 Bxc3 24. b5 Qxb5 25. Ba4 Bd4 26. Qxe6+ Rxe6 27.
Bxb5 Rxe2 28. Bxe2 Rxf2 29. Rd1 Be3 30. Bh5 Rf5+ {White resigns} 0-1

[Event "Team 45 45 League T48"]
[Site "Internet Chess Club"]
[Date "2011.02.12"]
[Round "1"]
[White "McKnights"]
[Black "primerpaso"]
[Result "0-1"]
[WhiteElo "1817"]
[BlackElo "1783"]
[Opening "Sicilian: Najdorf, Byrne (English) attack"]
[ECO "B90"]
[Time "21:00:47"]
[TimeControl "2700+45"]

1. e4 c5 2. Nf3 d6 3. Nc3 Nf6 4. d4 cxd4 5. Nxd4 a6 6. Be3 e5 7. Nb3 Be6 8. Nd5
Nbd7 9. Bg5 Bxd5 10. exd5 h6 11. Bh4 Be7 12. Be2 Ne4 13. Bxe7 Qxe7 14. O-O O-O
15. f3 Nec5 16. Na5 Rab8 17. c4 Nf6 18. b4 Qc7 19. Qd2 Ncd7 20. Nb3 Rbe8 21.
Rfc1 e4 22. c5 dxc5 23. bxc5 Ne5 24. d6 Qd7 25. f4 Nc6 26. Rab1 Qf5 27. Nd4 Nxd4
28. Qxd4 Rb8 29. Rb3 Qd5 30. Qxd5 Nxd5 31. Rcb1 Rbc8 32. Rxb7 Rxc5 33. d7 Nc3
34. Rb8 Nxe2+ 35. Kf2 Rd5 36. Rxf8+ Kxf8 37. Kxe2 Rxd7 38. Ke3 f5 39. Rb6 Rd3+
40. Ke2 Ra3 41. Rb2 Ke7 42. Rd2 g5 43. fxg5 hxg5 44. Rb2 Ke6 45. Kd2 Ke5 46. Kc1
f4 47. Rc2 Kd4 48. Kb2 Ra5 49. Rc6 Ke3 50. a3 Kf2 51. Rc2+ Kg1 52. Kb3 Kxh2 53.
Kb4 Re5 54. Kc4 e3 55. Re2 Kg1 56. Kd4 Ra5 57. Ra2 Kf1 58. Ke4 e2 {White
resigns} 0-1

[Event "Team 45 45 League T48"]
[Site "Internet Chess Club"]
[Date "2011.02.10"]
[Round "1"]
[White "sombragris35"]
[Black "ChessAuthor"]
[Result "1/2-1/2"]
[WhiteElo "1800"]
[BlackElo "1726"]
[Opening "Alekhine's defense: exchange variation"]
[ECO "B03"]
[Time "16:00:38"]
[TimeControl "2700+45"]

1. e4 Nf6 2. e5 Nd5 3. d4 d6 4. c4 Nb6 5. exd6 exd6 6. Nc3 Be7 7. Bd3 Nc6 8.
Nge2 Bg4 9. f3 Bh5 10. O-O O-O 11. b3 Bf6 12. Be3 Re8 13. Qd2 Bg6 14. Bxg6 hxg6
15. Rac1 d5 16. c5 Nc8 17. Bf4 a6 18. Rfe1 N8e7 19. Bg3 Nf5 20. Bf2 Qd7 21. Nf4
Bg5 22. h4 Rxe1+ 23. Rxe1 Nxh4 24. Be3 Nf5 25. Nfxd5 Nxe3 26. Nxe3 Nxd4 27. Ne4
Bxe3+ 28. Rxe3 f5 29. Rd3 fxe4 30. Rxd4 Qe7 31. Rxe4 Qxc5+ 32. Kf1 b5 33. Qd7
Qf5 34. Qxc7 Rc8 35. Qe7 Rc1+ 36. Kf2 Rc2+ 37. Re2 Rxe2+ 38. Qxe2 Kf7 39. Qe3
Qe6 40. Qxe6+ Kxe6 41. Ke3 Ke5 42. b4 g5 43. g3 Kd5 44. Kd3 Ke5 45. a3 Kd5 46.
Kc3 Ke5 47. Kd3 {Game drawn by mutual agreement} 1/2-1/2

[Event "Team 45 45 League T48"]
[Site "Internet Chess Club"]
[Date "2011.02.15"]
[Round "1"]
[White "mitus"]
[Black "Duguesclin"]
[Result "1/2-1/2"]
[WhiteElo "1780"]
[BlackElo "1693"]
[Opening "French: Winawer, Alekhine gambit"]
[ECO "C15"]
[Time "11:01:35"]
[TimeControl "2700+45"]

1. e4 e6 2. d4 d5 3. Nc3 Bb4 4. Ne2 dxe4 5. a3 Bxc3+ 6. Nxc3 Nf6 7. Bg5 Nbd7 8.
Nxe4 h6 9. Bh4 g5 10. Nxf6+ Nxf6 11. Bg3 Ne4 12. Bd3 Nxg3 13. hxg3 Qd5 14. Qd2
Bd7 15. Qe3 O-O-O 16. O-O-O Bc6 17. Kb1 Kb8 18. Be2 Qxg2 19. Rhg1 Qe4 20. Qxe4
Bxe4 21. f3 Bg6 22. f4 gxf4 23. gxf4 h5 24. Bf3 h4 25. Rh1 Bf5 26. Kc1 h3 27. c3
Rh4 28. Rdg1 Rxf4 29. Bh5 f6 30. Rh2 Rh8 31. Be2 c6 32. Rg7 a6 33. Kd2 e5 34.
Rf7 Be6 35. Re7 Bg4 36. Bxg4 Rxg4 37. dxe5 Rg2+ 38. Rxg2 hxg2 39. Rg7 Rh2 40.
Kd3 fxe5 41. Ke4 g1=Q 42. Rxg1 Re2+ 43. Kd3 Rxb2 44. Re1 Rb5 45. Re4 Ra5 46. a4
Rd5+ 47. Kc4 b5+ 48. axb5 axb5+ 49. Kb4 Kc7 50. Kb3 Kd6 51. Kc2 c5 52. Rh4 Kc6
53. Re4 c4 54. Rh4 Kc5 55. Rh8 Rd6 56. Rc8+ Rc6 57. Re8 Kd5 58. Rb8 Rc5 59. Kd2
Ke4 60. Kc2 Ke3 61. Rd8 e4 62. Rd7 Rf5 63. Kd1 Rf1+ 64. Kc2 Rf2+ 65. Kd1 Rb2 66.
Kc1 Ra2 67. Rd8 Ke2 68. Rd5 Ra3 69. Kb2 Rb3+ 70. Kc2 e3 71. Rd2+ exd2 {White
stalemated} 1/2-1/2

[Event "Team 45 45 League T48"]
[Site "Internet Chess Club"]
[Date "2011.02.11"]
[Round "1"]
[White "Chess2Play"]
[Black "clarinetref"]
[Result "1/2-1/2"]
[WhiteElo "1575"]
[BlackElo "1637"]
[Opening "King's Indian: orthodox, 7...Nbd7"]
[ECO "E94"]
[Time "22:08:53"]
[TimeControl "2700+45"]

1. d4 Nf6 2. c4 g6 3. Nc3 Bg7 4. e4 d6 5. Nf3 O-O 6. Be2 Nbd7 7. O-O e5 8. dxe5
dxe5 9. Bg5 h6 10. Bxf6 Nxf6 11. Qxd8 Rxd8 12. Rad1 Be6 13. b3 c6 14. Rd2 Rxd2
15. Nxd2 Bf8 16. Rd1 Bb4 17. Ndb1 Bc5 18. h3 h5 19. a3 Rf8 20. b4 Bd4 21. Kf1 c5
22. f3 a6 23. Nd5 Bxd5 24. cxd5 cxb4 25. axb4 b5 26. Rc1 Ra8 27. Rc6 Kg7 28. Nd2
h4 29. Nb3 Be3 30. Nc5 a5 31. bxa5 Rxa5 32. Ra6 Rxa6 33. Nxa6 b4 34. Nxb4 Bc5
35. Nc6 Nh5 36. Nxe5 Ng3+ 37. Ke1 f5 38. Bd3 Bb4+ 39. Kd1 Bc3 40. Nc4 Kf6 41.
exf5 gxf5 42. Ne3 Bd4 43. Nc4 Bc5 44. Nb2 Ke5 45. Bc4 Kd6 46. Nd3 Nh5 47. Ke2
Ng3+ 48. Ke1 Nh5 49. Bb3 Bd4 50. Ba2 Be5 51. Nxe5 Kxe5 52. Kf2 Nf4 53. Bb3 Nd3+
54. Kf1 f4 55. Bc4 Nc5 56. Ke2 Kd4 57. Ba2 Ke5 58. Kd2 Nb7 59. Kd3 Nd6 60. Bb3
Nf5 61. Ke2 Ne3 62. Kf2 Nxd5 63. Bxd5 {Game drawn by mutual agreement} 1/2-1/2